 Dungeon Crawl Stone Soup version 0.29-a0-553-g81b289dbe5 (webtiles) character file.

Game seed: 13349534132947288022

117 Crownlay the Chopper (level 5, -4/45 HPs)
             Began as a Hill Orc Fighter on June 6, 2022.
             Slain by a gnoll
             ... wielding a +0 spear
              (6 damage)
             ... on level 3 of the Dungeon.
             The game lasted 00:02:54 (2163 turns).

Crownlay the Chopper (Hill Orc Fighter)             Turns: 2163, Time: 00:02:55

Health: -4/45      AC:  6    Str: 21    XL:     5   Next: 1%
Magic:  5/5        EV:  9    Int:  8    God:
Gold:   19         SH:  4    Dex: 10    Spells: 4/4 levels left

rFire   . . .      SeeInvis .   a - +0 war axe
rCold   . . .      Faith    .   c - +0 buckler
rNeg    . . .      Spirit   .   b - +0 scale mail
rPois   .          Reflect  .   (no helmet)
rElec   .          Harm     .   (no cloak)
rCorr   .          Rampage  .   (no gloves)
Will    .....                   (no boots)
Stlth   ..........              (no amulet)
HPRegen 0.15/turn               (no ring)
MPRegen 0.09/turn               (no ring)

@: mighty
A: no striking features
a: no special abilities


You were on level 3 of the Dungeon.
You visited 1 branch of the dungeon, and saw 3 of its levels.

You collected 104 gold pieces.
You spent 85 gold pieces at shops.

Inventory:

Hand Weapons
 a - a +0 war axe (weapon)
Armour
 b - a +0 scale mail (worn)
 c - a +0 buckler (worn)
Wands
 p - a wand of acid (7)
Scrolls
 e - a scroll of enchant weapon {unknown}
 f - a scroll of identify
 h - 2 scrolls of blinking
 i - 3 scrolls of fog
 k - 3 scrolls of teleportation
 q - a scroll of fear {unknown}
 s - a scroll of torment {unknown}
Potions
 g - a potion of lignification {unknown}
 j - 4 potions of brilliance
 l - a potion of mutation {unknown}
 m - a potion of attraction {unknown}
 n - a potion of resistance {unknown}
 o - a potion of curing {unknown}
 r - a potion of berserk rage {unknown}
 t - a potion of degeneration {unknown}
 u - a potion of invisibility {unknown}


   Skills:
 - Level 3.6 Fighting
 * Level 5.7 Axes
 - Level 3.2 Armour
 + Level 4.3 Shields


You had 4 spell levels left.
You didn't know any spells.
Your spell library contained the following spells:

 Spells                   Type           Power      Damage    Failure   Level
 Summon Small Mammal      Summ           0%         N/A       83%         1
 Call Canine Familiar     Summ           0%         N/A       99%         3
 Summon Guardian Golem    Hex/Summ       0%         N/A       99%         3


Dungeon Overview and Level Annotations

Branches:
Dungeon (3/15)

Altars:
Wu Jian

Shops:
D:1 *


Message History

The gnoll closely misses you.
The gnoll hits you but does no damage. x2
The gnoll barely misses you. The gnoll attacks as you move away!
The gnoll closely misses you.
You barely miss the gnoll.
The gnoll is heavily wounded.
The gnoll hits you with a +0 whip.
* * * LOW HITPOINT WARNING * * *
You feel very mighty all of a sudden. The gnoll closely misses you. x2
You closely miss the gnoll.
The gnoll is heavily wounded.
The gnoll hits you with a +0 whip.
* * * LOW HITPOINT WARNING * * *
The gnoll hits you but does no damage.
You hit the gnoll.
The gnoll is severely wounded.
You block the gnoll's attack.
The gnoll hits you from afar with a +0 spear.
* * * LOW HITPOINT WARNING * * *
You slash the gnoll!
You kill the gnoll!
The gnoll hits you but does no damage. The gnoll barely misses you.
You have reached level 5!
You feel stronger.
Okay, then.
The gnoll hits you but does no damage.
You see here a +0 whip.
You slash the gnoll!
The gnoll is severely wounded.
You block the gnoll's attack.
You hit the gnoll.
The gnoll is severely wounded.
The gnoll hits you but does no damage.
You barely miss the gnoll.
The gnoll is severely wounded.
You block the gnoll's attack.
You hit the gnoll.
The gnoll is severely wounded.
The gnoll hits you with a +0 spear.
You die...

......... ..#
.....(..# #.#
........####.#
..........##.#
........#.##.#
........#.##.#
........))...###
#.....###...wg.#
.....# #...##@#
....# #.#.##.#
.... #...##.#
... #.####.# ..
#.####.#
#......# #
#.######
#.###.#.#
#.......####


You could see a gnoll and a dart slug.

Vanquished Creatures
  3 gnolls (D:3)
  3 adders
  2 worms (D:2)
  4 dart slugs
  5 endoplasms
  2 giant cockroaches
  2 goblins (D:1)
  4 hobgoblins (D:1)
  2 jackals (D:2)
  5 kobolds (D:1)
  A quokka (D:2)
  6 ball pythons
  6 bats
  2 frilled lizards (D:2)
47 creatures vanquished.

Notes
Turn   | Place    | Note
-------+----------+-------------------------------------------
     0 | D:1      | Crownlay the Hill Orc Fighter began the quest for the Orb.
     0 | D:1      | Reached XP level 1. HP: 19/19 MP: 1/1
    38 | D:1      | Reached skill level 3 in Axes
    98 | D:1      | Found Itsaheq's Assorted Antiques.
   194 | D:1      | Reached XP level 2. HP: 26/26 MP: 2/2
   494 | D:1      | Reached skill level 4 in Axes
   497 | D:1      | Reached XP level 3. HP: 20/31 MP: 3/3
   837 | D:2      | Found an ornate altar of the Wu Jian Council.
   839 | D:2      | Found a faded altar of an unknown god.
  1348 | D:2      | Reached XP level 4. HP: 21/39 MP: 4/4
  1786 | D:1      | Bought a scroll labelled MIYFFO LARCHET for 22 gold pieces
  1786 | D:1      | Bought a scroll labelled MIYFFO LARCHET for 22 gold pieces
  1786 | D:1      | Bought a scroll labelled MIYFFO LARCHET for 22 gold pieces
  1786 | D:1      | Bought a murky blue potion for 19 gold pieces
  1822 | D:3      | Reached skill level 5 in Axes
  2157 | D:3      | HP: 1/39 [gnoll/+0 spear (3)]
  2159 | D:3      | Reached XP level 5. HP: 1/45 MP: 5/5
  2163 | D:3      | Slain by a gnoll

Illustrated notes

Levels and vault maps discovered:
D:1:      mushboom_english_gardens, layout_rooms, serial_shops, shop,
          chequers_arboretum, minmay_tall_x
D:2:      wander_river, layout_rooms,
          hellmonk_ecumenical_altar_pennies_from_heaven, basic_altar,
          minmay_ruptured
D:3:      layout_loops_cross

Skill      XL: |  1  2  3  4 |
---------------+-------------+-----
Axes           | 3 4 5 |  5.7
Shields        | 4 |  4.3
Fighting       | |  3.6
Armour         | |  3.2

Action                   |  1- 3 |  4- 6 || total
-------------------------+-------+-------++-------
Melee: War axe           |    83 |    49 ||   132
  Use: Scroll            |       |     4 ||     4
       Potion            |       |     1 ||     1
Armor: Scale mail        |    36 |    33 ||    69
Dodge: Dodged            |    34 |    30 ||    64
Block: Buckler           |    23 |    11 ||    34

Table legend: (Time is in decaauts)
 A = Elapsed time spent in this place.
 B = Non-inter-level travel time spent in this place.
 C = Inter-level travel time spent in this place.
 D = Time resting spent in this place.
 E = Time spent auto-exploring this place.
 F = Levels seen in this place.
 G = Mean time per level.
                   A        B        C        D        E       F      G
               +--------+--------+--------+--------+--------+-----+--------+
         Total |   2228 |   2138 |     90 |      0 |   1778 |   3 |  742.7 |
       Dungeon |   2228 |   2138 |     90 |      0 |   1778 |   3 |  742.7 |
               +--------+--------+--------+--------+--------+-----+--------+

Top non-repeatable levels by time:
     D:2: 966 daAuts
     D:1: 895 daAuts
     D:3: 365 daAuts
